AoeStats
← TheGreatKING

Arena

509610070Analyzed
1v1 RM · 6d ago on Sep 27, 2026· 45m 8s· 2 players
Game mode
Random Map
Map size
Tiny (2 player)
Population
200
Speed
Normal
Resources
Standard
Victory
Conquest
Starting age
Dark Age
Ending age
Imperial Age
RankedLock teamsTeams togetherTeam positionsShared explorationLock speedFull tech treeHidden civsTurbo modeCheats
Victory
Defeat
🇹🇷 Turks · Türkiye
1108
+16
🇨🇿 Britons · Czechia
1108
-16
Kryshot
11:01 Feudal Age
11:55 Double-Bit Axe
14:34 Castle Age
12:21 Horse Collar
16:12 Wheelbarrow
15:56 Bow Saw
16:23 Heavy Plow
18:09 Loom
21:21 Hand Cart
21:53 Heavy Plow
21:58 Stone Mining
22:08 Crossbowman
24:10 Elite Skirmisher
25:31 Fletching
25:36 Gold Mining
29:26 Imperial Age
29:07 Ballistics
28:47 Bodkin Arrow
28:54 Padded Archer Armor
30:22 Yeomen
32:47 Chemistry
31:49 Arbalester
32:33 Bracer
32:48 Arbalester
34:28 Leather Archer Armor
36:35 Ring Archer Armor
TheGreatKING
0:26 Loom
11:09 Feudal Age
11:58 Double-Bit Axe
18:01 Castle Age
17:29 Horse Collar
27:18 Imperial Age
41:07 Artillery
44:17 Ballistics
Connection lost

Rejoining the realm…

Still unreachable

The connection could not be restored.

Session expired

The server has moved on; the page needs a fresh start.